 Dungeon Crawl Stone Soup version 0.23-a0-163-g800ba1ec23 (webtiles) character file.

51 MirrMurr the Poker (level 3, -2/39 HPs)
             Began as an Octopode Berserker on Sept 9, 2018.
             Was a Follower of Trog.
             Slain by a white imp (4 damage)
             ... summoned by Natasha
             ... on level 2 of the Dungeon.
             The game lasted 00:03:17 (1373 turns).

MirrMurr the Poker (Octopode Berserker)             Turns: 1373, Time: 00:03:18

Health: -2/39      AC:  1    Str: 22    XL:     3   Next: 81%
Magic:  3/3        EV: 14    Int:  9    God:    Trog [*.....]
Gold:   70         SH:  0    Dex: 11    Spells: 2/2 levels left

rFire    . . .     SeeInvis .   a - +0 trident
rCold    . . .     Gourm    .   (no shield)
rNeg     . . .     Faith    .   (helmet restricted)
rPois    .         Spirit   .   (no amulet)
rElec    .         Reflect  .   (no ring)
rCorr    .         Harm     .   (no ring)
MR       .....                  (no ring)
Stlth    ..........             (no ring)
HPRegen  0.13/turn              (no ring)
MPRegen  0.08/turn              (no ring)
                                (no ring)
                                (no ring)

@: berserking, slowed
A: almost no armour, stealthy swim, amphibious, 8 rings, constrict 8, camouflage
1, gelatinous body 1
a: Berserk, Renounce Religion


You were on level 2 of the Dungeon.
You worshipped Trog.
Trog was aware of your devotion.
You were very hungry.

You visited 1 branch of the dungeon, and saw 2 of its levels.

You collected 70 gold pieces.

Inventory:

Hand Weapons
 a - a +0 trident (weapon)
Missiles
 d - a throwing net (quivered) {!f}
 h - 13 stones
Jewellery
 k - an uncursed amulet of faith {unknown}
Scrolls
 b - a scroll of noise {unknown}
 e - a scroll of remove curse {unknown}
 g - 2 scrolls of identify {unknown}
 j - 3 scrolls of fog {unknown}
Potions
 i - a potion of heal wounds {unknown}
 l - a potion of curing {unknown}
Comestibles
 c - a ration
 f - 2 chunks of flesh


   Skills:
 + Level 3.3 Fighting
 * Level 3.8 Polearms
 + Level 3.4 Dodging
 + Level 1.4 Stealth


You had 2 spell levels left.
You didn't know any spells.
Your spell library was empty.

Dungeon Overview and Level Annotations

Branches:
Dungeon (2/15)

Altars:
Fedhas

Annotations:
D:2 Natasha, Terence


Innate Abilities, Weirdness & Mutations

You cannot wear most types of armour.
You are very stealthy in the water. (Stealth+)
You are amphibious.
You can wear up to eight rings at the same time.
You can use your tentacles to constrict eight enemies at once.
Your skin changes colour to match your surroundings (Stealth+).
Your rubbery body absorbs attacks. (AC +1, EV +1)


Message History

The magic dart hits you!
You hit Natasha. Your grab misses Natasha.
Natasha is severely wounded.
Natasha casts a spell at you.
You feel yourself slow down. The white imp barely misses you.
You barely miss Natasha. Your grab misses Natasha.
Natasha is severely wounded.
Natasha misses you. The white imp gestures at you. The puff of frost hits you!
Natasha stares at you and mumbles some strange words.
The magic dart hits you!
* * * LOW HITPOINT WARNING * * *
A red film seems to cover your vision as you go berserk!
You feel yourself moving faster!
You feel mighty!
You are feeling very hungry.
The white imp hits you.
* * * LOW HITPOINT WARNING * * *
The white imp freezes you.
You die...

#.............#
#.............#
#.............#
#......$......#
".....<.......#
............#
#.........# #.....h5..#
###....@.###
##...##.....#
##..####..#### ##..##
#..### ###..## #....#
#...## #.##.#
#.##.######.##.# ##
#####.##.........#.###.
#.....##....###.....##.#


You could see Natasha and a white imp.

Vanquished Creatures
  An adder (D:2)
  4 leopard geckos (D:1)
  2 ball pythons
  2 giant cockroaches (D:1)
  8 goblins
  5 hobgoblins (D:1)
  7 kobolds
  A quokka (D:2)
  A bat (D:2)
  A frilled lizard (D:1)
32 creatures vanquished.

Notes
Turn   | Place    | Note
-------+----------+-------------------------------------------
     0 | D:1      | MirrMurr the Octopode Berserker began the quest for the
                  | Orb.
     0 | D:1      | Reached XP level 1. HP: 16/16 MP: 1/1
   308 | D:1      | Reached XP level 2. HP: 21/21 MP: 2/2
   717 | D:1      | Reached XP level 3. HP: 24/26 MP: 3/3
   739 | D:1      | Reached skill level 1 in Stealth
  1265 | D:2      | Noticed Terence
  1289 | D:2      | Found a blossoming altar of Fedhas.
  1364 | D:2      | Noticed Natasha
  1373 | D:2      | Slain by a white imp

Vault maps used:
D:1:      lemuel_arrival_behind_the_door_small, st_stairs_3, serial_park_tiny_2
D:2:      fedhas_altar_fruit_tree, uniq_natasha, uniq_terence

Skill      XL: |  1  2  3 |
---------------+----------+-----
Stealth        | 1 |  1.4
Fighting       | |  3.3
Polearms       | |  3.8
Dodging        | |  3.4

Action                   || total
-------------------------++-------
Melee: Spear             ||    73
       Constrict         ||    13
       Tentacles         ||     8
       Trident           ||    11
Invok: Berserk           ||     2
 Stab: Sleeping          ||     8
  Eat: Chunk             ||     2
Armor: Skin              ||     4
Dodge: Dodged            ||    39

Table legend:
 A = Non-vault XP
 B = Vault XP
 C = Vault XP percentage of total XP
 D = Non-vault monster count
 E = Vault monster count
 F = Vault count percentage of total count
                 A         B        C        D         E       F
            +---------+---------+-------+---------+---------+-------
      Total |      70 |       3 |   4.1 |      30 |       2 |   6.2
            +---------+---------+-------+---------+---------+-------
        D:1 |      44 |       3 |   6.4 |      21 |       2 |   8.7
        D:2 |      26 |       0 |   0.0 |       9 |       0 |   0.0
            +---------+---------+-------+---------+---------+-------
